 Dungeon Crawl Stone Soup version 0.29.1-1-gd02db6906a (webtiles) character file.

Game seed: 5781288572773191955

748 safid the Skirmisher (level 7, -1/48 (57) HPs)
             Began as a Minotaur Hunter on Oct 7, 2022.
             Slain by a wight
             ... wielding a +3 spear of freezing
              (4 damage)
             ... in an ossuary.
             The game lasted 00:06:11 (3994 turns).

safid the Skirmisher (Minotaur Hunter)              Turns: 3994, Time: 00:06:11

HP:   -1/48 (57)    AC:  3    Str: 15    XL:     7   Next: 48%
MP:   6/6           EV: 12    Int:  6    God:
Gold: 168           SH:  0    Dex: 16    Spells: 6/6 levels left

rFire   . . .      SeeInvis .   a - +0 shortbow
rCold   . . .      Faith    .   (shield currently unavailable)
rNeg    . . .      Spirit   .   c - +0 leather armour
rPois   .          Reflect  .   (helmet restricted)
rElec   .          Harm     .   (no cloak)
rCorr   .          Rampage  .   (no gloves)
Will    .....                   (no boots)
Stlth   +.........              (no amulet)
HPRegen 0.16/turn               (no ring)
MPRegen 0.10/turn               (no ring)

@: heavily drained
A: horns 2, retaliatory headbutt
a: no special abilities


You were in an ossuary.
You visited 1 branch of the dungeon, and saw 4 of its levels.
You also visited: Ossuary.

You collected 168 gold pieces.

Inventory:

Hand Weapons
 a - a +0 shortbow (weapon)
Armour
 c - a +0 leather armour (worn)
Jewellery
 m - a ring of magical power
Scrolls
 b - a scroll of immolation
 e - 5 scrolls of identify {unknown}
 g - a scroll of vulnerability {unknown}
 i - a scroll of enchant weapon {unknown}
 j - a scroll of blinking {unknown}
 n - 2 scrolls of teleportation {unknown}
 o - a scroll of enchant armour {unknown}
 p - 2 scrolls of amnesia {unknown}
 q - 2 scrolls of magic mapping {unknown}
 t - a scroll of poison {unknown}
Potions
 d - a potion of brilliance {unknown}
 f - 2 potions of curing
 h - 2 potions of ambrosia {unknown}
 k - 2 potions of degeneration {unknown}
 l - a potion of magic {unknown}
 r - a potion of mutation {unknown}
 s - 2 potions of cancellation {unknown}
 u - a potion of attraction {unknown}


   Skills:
 - Level 3.0 Fighting
 + Level 10.0 Ranged Weapons
 - Level 2.1 Dodging
 - Level 0.7 Stealth


You had 6 spell levels left.
You didn't know any spells.
Your spell library contained the following spells:

 Spells                   Type           Power      Damage    Failure   Level
 Freeze                   Ice            0%         1d3       52%         1
 Frozen Ramparts          Ice            0%         1d1       88%         3
 Portal Projectile        Hex/Tloc       0%         N/A       88%         3
 Tukima's Dance           Hex            0%         N/A       88%         3
 Hailstorm                Conj/Ice       0%         3d3       99%         4
 Blade Hands              Tmut           0%         N/A       100%        5


Dungeon Overview and Level Annotations

Branches:
Dungeon (4/15)            Ossuary (1/1)
 Temple: D:4-7

Altars:

Annotations:
D:3 1 runed translucent door, turdburglar's ghost, amateur MfGl


Innate Abilities, Weirdness & Mutations

You have a pair of horns on your head.
You reflexively headbutt those who attack you in melee.


Message History

You are too injured to fight recklessly!
You are too injured to fight recklessly!
You are too injured to fight recklessly!
You are too injured to fight recklessly!
You are too injured to fight recklessly!
You are too injured to fight recklessly!
You are too injured to fight recklessly!
You are too injured to fight recklessly!
Unknown command.
Fire: a) +0 shortbow
Press: ? - help, Q - select action Shift-Dir - straight line, f/p - wight
Aim: a wight, wielding a +3 spear of freezing and wearing a +0 robe (silenced, heavily damaged, 66% to hit)
You shoot an arrow. The arrow barely misses the wight.
The wight misses you.
Fire: a) +0 shortbow
Press: ? - help, Q - select action Shift-Dir - straight line, f/p - wight
Aim: a wight, wielding a +3 spear of freezing and wearing a +0 robe (silenced, heavily damaged, 66% to hit)
You shoot an arrow. The arrow barely misses the wight.
The wight hits you from afar with a +3 spear of freezing.
* * * LOW HITPOINT WARNING * * *
You feel drained.
* * * LOW HITPOINT WARNING * * *
The wight freezes you.
* * * LOW HITPOINT WARNING * * *
You feel better.
The wight hits you from afar with a +3 spear of freezing.
You feel drained.
* * * LOW HITPOINT WARNING * * *
The wight freezes you.
* * * LOW HITPOINT WARNING * * *
Fire: a) +0 shortbow
Press: ? - help, Q - select action Shift-Dir - straight line, f/p - wight
Aim: a wight, wielding a +3 spear of freezing and wearing a +0 robe (silenced, heavily damaged, 66% to hit)
You shoot an arrow.
The arrow hits the wight but does no damage.
The wight is heavily damaged.
The wight hits you from afar with a +3 spear of freezing!
* * * LOW HITPOINT WARNING * * *
You feel drained.
You die...

##........# #...
##.........###...
##...........'....
#.....8......'....
#....8#8.....'....
#.....8....#####..
#........### ###
#.......## #
#@.....## #......#
#..z..## #....##
####....'...$?∩
#∩∩#########!?$
#..'.....##
#..'......#
#..'......##


You could see a wight.

Vanquished Creatures
  Grinder (D:4)
  2 water moccasin zombies (Ossuary)
  3 centaur zombies (Ossuary)
  2 orc priests
  A hound (D:4)
  2 scorpion zombies (Ossuary)
  9 adders
  2 adder zombies (Ossuary)
  2 worms (D:2)
  7 orcs
  11 ball pythons
  3 bats
  9 endoplasms
  3 giant cockroaches
  4 gnoll zombies (Ossuary)
  3 goblins
  5 hobgoblins
  6 jackals
  3 quokkas
  10 frilled lizards
  6 goblin zombies (Ossuary)
  3 hobgoblin zombies (Ossuary)
  10 kobolds
  7 orc zombies (Ossuary)
  6 rats
120 creatures vanquished.

Notes
Turn   | Place    | Note
-------+----------+-------------------------------------------
     0 | D:1      | safid the Minotaur Hunter began the quest for the Orb.
     0 | D:1      | Reached XP level 1. HP: 18/18 MP: 0/0
   384 | D:1      | Reached XP level 2. HP: 25/25 MP: 1/1
   385 | D:1      | Noticed a golden eye
   386 | D:1      | Found a faded altar of an unknown god.
   389 | D:1      | Noticed an eye of devastation
   393 | D:1      | Noticed a shining eye
   393 | D:1      | Noticed an eye of devastation
   596 | D:1      | Reached skill level 5 in Ranged Weapons
   944 | D:1      | Reached XP level 3. HP: 31/31 MP: 2/2
  2054 | D:3      | Reached XP level 4. HP: 38/38 MP: 3/3
  2134 | D:3      | Reached skill level 6 in Ranged Weapons
  2359 | D:3      | Found a runed translucent door.
  2362 | D:3      | Noticed turdburglar's ghost (amateur MfGl)
  2629 | D:3      | Reached XP level 5. HP: 26/45 MP: 4/4
  2896 | D:4      | Reached skill level 7 in Ranged Weapons
  3116 | D:4      | Noticed Grinder
  3126 | D:4      | Reached XP level 6. HP: 29/51 MP: 5/5
  3129 | D:4      | Paralysed by Grinder for 4 turns
  3148 | D:4      | Killed Grinder
  3149 | D:4      | Reached skill level 8 in Ranged Weapons
  3152 | D:4      | Found a sand-covered staircase.
  3201 | Ossuary  | Entered an ossuary
  3279 | Ossuary  | Reached skill level 9 in Ranged Weapons
  3320 | Ossuary  | Reached XP level 7. HP: 34/57 MP: 6/6
  3919 | Ossuary  | Reached skill level 10 in Ranged Weapons
  3994 | Ossuary  | Slain by a wight

Illustrated notes

Levels and vault maps discovered:
D:1:      heliophobic_arrival_battle_scene, layout_basic,
          hellmonk_ecumenical_altar_watching_god
D:2:      layout_loops_ring, hangedman_decor_push
D:3:      layout_rooms, ebering_ghost_sewer_d, minmay_statues_item,
          minmay_misc_feat_room, minmay_snake_closets
D:4:      layout_cave_pools, eat_drink_and_be_merry_uskayaw,
          minmay_temple_entry_overgrown, enter_ossuary_5, minmay_misc_feat_five,
          minivault_25, kennysheep_generic_room_2, uniq_grinder
Ossuary:  ossuary_hellmonk_silent_tomb

Skill      XL: |  1  2  3  4  5  6  7 |
---------------+----------------------+-----
Fighting       | 3 |  3.0
Ranged Weapons | 5 6 7 9 10 | 10.0
Dodging        | |  2.1
Stealth        | |  0.7

Action                   |  1- 3 |  4- 6 |  7- 9 || total
-------------------------+-------+-------+-------++-------
 Fire: Shortbow          |   143 |   154 |   104 ||   401
  Use: Potion            |       |     1 |     2 ||     3
Armor: Leather armour    |    15 |    19 |    28 ||    62
Dodge: Dodged            |    39 |    58 |    47 ||   144
